 Dungeon Crawl Stone Soup version 0.17.1-1-g73c8601 (webtiles) character file.

1901 DeXoteric the Zephyrmancer (level 9, 0/45 HPs)
             Began as a Tengu Air Elementalist on Dec 25, 2015.
             Was a Priest of Vehumet.
             Slain by a hippogriff (4 damage)
             ... on level 7 of the Dungeon.
             The game lasted 00:23:27 (7992 turns).

DeXoteric the Zephyrmancer (Tengu Air Elementalist) Turns: 7992, Time: 00:23:27

Health: 0/45       AC:  5    Str:  9    XL:     9   Next: 15%
Magic:  14/18      EV: 13    Int: 18    God:    Vehumet [***...]
Gold:   334        SH:  0    Dex: 18    Spells: 4 memorised, 9 levels left

rFire  . . .     SeeInvis .     a - +1 dagger (venom)
rCold  . . .     Clarity  .     g - +0 robe
rNeg   . . .     SustAt   .     (no shield)
rPois  .         Gourm    .     (helmet restricted)
rElec  .         Spirit   .     (no cloak)
rCorr  .         Warding  .     r - +2 pair of gloves {Dex+3}
rMut   .         Stasis   .     (boots unavailable)
MR     .....                    d - amulet of faith
Stlth  ++........               (no ring)
                                (no ring)

@: lethally poisoned (0 -> -2), not resistant to hostile enchantments,
unstealthy
A: beak, talons 3, able to fly 1
a: Fly, Renounce Religion


You were on level 7 of the Dungeon.
You worshipped Vehumet.
Vehumet was most pleased with you.
You were not hungry.

You visited 2 branches of the dungeon, and saw 8 of its levels.

You collected 334 gold pieces.

Inventory:

Hand Weapons
 a - a +1 dagger of venom (weapon)
Armour
 g - a +0 robe (worn)
 r - a +2 pair of gloves of dexterity (worn)
Jewellery
 d - an amulet of faith (around neck)
 q - an uncursed amulet of resist mutation {unknown}
Scrolls
 e - a scroll of immolation {unknown}
 h - 5 scrolls of teleportation
 i - 6 scrolls of remove curse {unknown}
 j - a scroll of noise {unknown}
 k - a scroll of magic mapping {unknown}
 l - 4 scrolls of identify {unknown}
 n - a scroll of random uselessness {unknown}
 o - a scroll of blinking {unknown}
 w - a scroll of fog {unknown}
Potions
 f - a potion of curing {unknown}
 m - a potion of resistance {unknown}
 p - a potion of magic {unknown}
 t - a potion of lignification {unknown}
 u - a potion of degeneration {unknown}
 v - a potion of flight {unknown}
 x - 3 potions of heal wounds {unknown}
 z - 2 potions of agility {unknown}
 B - a potion of might {unknown}
Books
 b - a book of Air

   Spells                             Type                      Level
   a - Shock                          Conjuration/Air              1
   b - Swiftness                      Charms/Air                   2
   c - Repel Missiles                 Charms/Air                   2
   d - Static Discharge               Conjuration/Air              3
   e - Lightning Bolt                 Conjuration/Air              5
 s - a book of the Dragon

   Spells                             Type                      Level
   a - Flame Tongue                   Conjuration/Fire             1
   b - Cause Fear                     Hexes                        4
   c - Bolt of Fire                   Conjuration/Fire             6
   d - Dragon Form                    Transmutation                7
   e - Dragon's Call                  Summoning                    9
 y - a book of Cantrips

   Spells                             Type                      Level
   a - Corona                         Hexes                        1
   b - Animate Skeleton               Necromancy                   1
   c - Summon Small Mammal            Summoning                    1
   d - Apportation                    Translocation                1
Comestibles
 c - 4 bread rations
 A - 5 chunks of flesh
 C - a meat ration


   Skills:
 - Level 2.1 Dodging
 - Level 2.0 Stealth
 + Level 5.8 Spellcasting
 + Level 7.9 Conjurations
 + Level 5.5 Fire Magic
 + Level 8.6 Air Magic


You had 9 spell levels left.
You knew the following spells:

 Your Spells              Type           Power        Failure   Level  Hunger
a - Shock                 Conj/Air       ####         1%          1    None
b - Flame Tongue          Conj/Fire      ####.        1%          1    None
c - Lightning Bolt        Conj/Air       #####.....   4%          5    #####..
d - Static Discharge      Conj/Air       #####...     1%          3    ##.....


Dungeon Overview and Level Annotations

Branches:
Dungeon (7/15)             Temple (1/1) D:5

Altars:
Ashenzari
Cheibriados
Dithmenos
Fedhas
Kikubaaqudgha
Makhleb
Nemelex Xobeh
Okawaru
Qazlal
Ru
Sif Muna
Trog
Vehumet
Xom
Yredelemnul
Zin
The Shining One

Shops:
D:7 *


Innate Abilities, Weirdness & Mutations

You have a beak for a mouth.
You have claws for feet.
You can fly.


Message History

Vehumet offers you knowledge of Stone Arrow.
You feel your power returning.
The zap hits the hippogriff.
Aim: a hippogriff (moderately wounded)
The zap hits the hippogriff.
You hear a shout!
The hippogriff bites you.
* * * LOW HITPOINT WARNING * * *
The hippogriff pecks you but does no damage.
The hippogriff claws you.
* * * LOW HITPOINT WARNING * * *
You hear a shout! x2
You take 2 damage, and have 8/45 hp.
You now have 15/18 mp.
You feel sick.
You hear a shout! x2
You take 1 damage, and have 7/45 hp.
Aim: a hippogriff (severely wounded)
The zap misses the hippogriff.
The hippogriff bites you.
* * * LOW HITPOINT WARNING * * *
The hippogriff pecks you.
You die...

.....########..#
..o. .. #..# ...
#.###..# .#
#.....O#######
####o.........
#.....####
###...#####
.##########o.......
.......QH...#.#####
#####.#######.# #
.. ##


You could see a hippogriff and an orc.

Vanquished Creatures
  Grinder (D:6)
  Edmund (D:6)
  An orc warrior (D:6)
  A phantom (D:5)
  3 sky beasts
  4 ogres
  A giant frog (D:6)
  2 scorpions (D:4)
  An iguana (D:5)
  A jelly (D:7)
  2 giant frog skeletons (D:6)
  3 orc priests
  3 orc wizards (D:5)
  4 worker ants
  A hound skeleton (D:5)
  8 gnolls
  7 adders
  2 adder skeletons (D:6)
  3 worms
  6 giant geckos
  18 orcs
  10 giant cockroaches
  3 goblins
  7 hobgoblins
  7 jackals
  5 kobolds
  A quokka (D:5)
  A ball python (D:2)
  5 bats
  5 giant newts
  A jackal skeleton (D:5)
  A quokka skeleton (D:4)
  11 rats
130 creatures vanquished.

Notes
Turn   | Place    | Note
--------------------------------------------------------------
     0 | D:1      | DeXoteric the Tengu Air Elementalist began the quest for the Orb.
     0 | D:1      | Reached XP level 1. HP: 10/10 MP: 4/4
   240 | D:1      | Reached XP level 2. HP: 15/15 MP: 3/6
   822 | D:2      | Found a bloodstained altar of Trog.
   891 | D:2      | Reached XP level 3. HP: 19/19 MP: 4/7
  1238 | D:2      | Found an iron altar of Okawaru.
  1589 | D:2      | Found a radiant altar of Vehumet.
  1597 | D:2      | Became a worshipper of Vehumet
  1678 | D:2      | Learned a level 3 spell: Static Discharge
  2032 | D:2      | Reached XP level 4. HP: 11/24 MP: 0/9
  2871 | D:3      | Reached * piety under Vehumet
  2871 | D:3      | Offered knowledge of Sandblast by Vehumet.
  3009 | D:3      | Reached skill level 5 in Air Magic
  3152 | D:3      | Gained mutation: You can fly. [Tengu growth]
  3152 | D:3      | Reached XP level 5. HP: 28/28 MP: 6/11
  3444 | D:3      | Learned a level 1 spell: Flame Tongue
  3689 | D:4      | Found a stormy altar of Qazlal.
  3862 | D:4      | Reached skill level 1 in Fire Magic
  3945 | D:4      | Found a deep blue altar of Sif Muna.
  3945 | D:4      | Found a glowing silver altar of Zin.
  4062 | D:4      | Reached XP level 6. HP: 32/32 MP: 10/12
  4293 | D:4      | Noticed an ogre
  4303 | D:4      | Killed an ogre
  4598 | D:5      | Entered Level 5 of the Dungeon
  4614 | D:5      | Offered knowledge of Freeze by Vehumet.
  4632 | D:5      | Reached skill level 6 in Air Magic
  4632 | D:5      | Reached XP level 7. HP: 31/36 MP: 9/14
  4675 | D:5      | Reached ** piety under Vehumet
  4882 | D:5      | Found a staircase to the Ecumenical Temple.
  4908 | Temple   | Entered the Ecumenical Temple
  5188 | D:5      | Reached skill level 5 in Conjurations
  5808 | D:5      | Learned a level 5 spell: Lightning Bolt
  6111 | D:5      | Offered knowledge of Ignite Poison by Vehumet.
  6111 | D:5      | Reached skill level 7 in Air Magic
  6111 | D:5      | Reached XP level 8. HP: 41/41 MP: 12/16
  6471 | D:6      | Noticed Edmund
  6484 | D:6      | Killed Edmund
  6624 | D:6      | Noticed Grinder
  6632 | D:6      | Paralysed by Grinder for 6 turns
  6643 | D:6      | Killed Grinder
  6643 | D:6      | Reached skill level 5 in Spellcasting
  7024 | D:6      | Reached skill level 5 in Fire Magic
  7024 | D:6      | Reached skill level 8 in Air Magic
  7036 | D:6      | Reached *** piety under Vehumet
  7222 | D:6      | Found a basalt altar of Yredelemnul.
  7522 | D:6      | Reached XP level 9. HP: 34/45 MP: 14/18
  7740 | D:7      | Found Ofadd's Elemental Accessories.
  7989 | D:7      | Offered knowledge of Stone Arrow by Vehumet.
  7992 | D:7      | Slain by a hippogriff

Action                   |  1- 3 |  4- 6 |  7- 9 || total
-------------------------+-------+-------+-------++-------
Melee: Dagger            |     6 |     3 |     8 ||    17
 Cast: Shock             |    70 |    91 |   145 ||   306
       Static Discharge  |     1 |     3 |       ||     4
       Flame Tongue      |       |     6 |    41 ||    47
 Abil: Fly               |       |     1 |       ||     1
  Use: Scroll            |       |     1 |       ||     1
  Eat: Chunk             |     4 |     7 |     5 ||    16
       Pizza             |       |     1 |       ||     1
       Fruit             |       |       |     4 ||     4
       Beef jerky        |       |       |     1 ||     1
